 Dungeon Crawl Stone Soup version 0.30.0 (webtiles) character file.

Game seed: 13492299669453832550

80638 croobank the Bludgeoner (level 15, -26/121 HPs)
             Began as a Vine Stalker Fighter on May 5, 2023.
             Was an Elder of Okawaru.
             Killed from afar by an orc sorcerer (27 damage)
             ... with a bolt of fire
             ... led by Saint Roka
             ... on level 2 of the Orcish Mines.
             The game lasted 02:01:06 (18616 turns).

croobank the Bludgeoner (Vine Stalker Fighter)     Turns: 18616, Time: 02:01:06

Health: -26/121    AC: 17    Str: 38    XL:     15   Next: 67%
Magic:  0/24       EV: 14    Int:  8    God:    Okawaru [****..]
Gold:   1799       SH: 14    Dex: 15    Spells: 14/14 levels left

rFire   . . .        a - +2 morningstar (heavy)
rCold   + . .        C - +3 warlock's mirror {omnireflect}
rNeg    + + +        k - +2 chain mail {rC+}
rPois   +            V - +0 hat {Will+}
rElec   .            j - +0 cloak of the Ecumenical Temple {Dex+3 Stlth+}
rCorr   .            (no gloves)
SInv    +            H - +1 pair of boots of Disaster {rPois rN+++ Dex-2 SInv}
Will    ++...        g - amulet of reflection Stlth
                     X - +6 ring of strength
HPRegen 1.20/turn    R - +6 ring of strength
MPRegen 0.19/turn

%: reflection, guardian spirit
@: mighty, berserking, lethally poisoned (-26 -> -26), studying 2 skills, very
quick
A: fangs 3, regeneration 1, magic shield, antimagic bite, no potion heal 2
a: Renounce Religion, Heroism, Finesse


You were on level 2 of the Orcish Mines.
You worshipped Okawaru.
Okawaru was greatly pleased with you.
You visited 3 branches of the dungeon, and saw 19 of its levels.
You also visited: Bailey.

You collected 1845 gold pieces.
You spent 46 gold pieces at shops.

Inventory:

Hand Weapons
 a - a +2 heavy morningstar (weapon)
 b - the +12 sling "Weptiaps" {heavy, Int+5 Stlth+}
   (You found it on level 10 of the Dungeon)

   Int:       It affects your intelligence (+5).
   Stlth:     It makes you more stealthy.
 J - a +0 great mace of pain
 U - a +3 scimitar of flaming
Missiles
 h - a silver boomerang
 t - 5 javelins
 w - 5 curare-tipped darts
 D - 2 throwing nets (quivered)
 K - 4 boomerangs
Armour
 j - the +0 cloak of the Ecumenical Temple (worn) {Dex+3 Stlth+}
   (You found it on level 11 of the Dungeon)

   Dex:       It affects your dexterity (+3).
   Stlth:     It makes you more stealthy.
 k - a +2 chain mail of cold resistance (worn)
 C - the +3 warlock's mirror (worn) {omnireflect}
   (You acquired it in a bailey)

   Omnireflect: It can block and reflect piercing ranged attacks and magical
   attacks against the wielder's willpower.
 H - the +1 pair of boots of Disaster (worn) {rPois rN+++ Dex-2 SInv}
   (Okawaru gifted it to you on level 3 of the Lair of Beasts)

   Dex:       It affects your dexterity (-2).
   rPois:     It protects you from poison.
   rN:        It renders you almost immune to negative energy.
   SInv:      It lets you see invisible.
 P - a +0 chain mail of willpower
 V - a +0 hat of willpower (worn)
Magical Staves
 l - a staff of fire
Jewellery
 g - an amulet of reflection (around neck)
 o - a ring of flight
 v - a ring of resist corrosion
 A - a ring of protection from cold
 M - a ring of positive energy
 R - a +6 ring of strength (right hand)
 X - a +6 ring of strength (left hand)
Wands
 r - a wand of digging (8)
 O - a wand of polymorph (5)
 S - a wand of quicksilver (2)
 W - a wand of mindburst (3)
 Z - a wand of flame (8)
Scrolls
 c - 7 scrolls of teleportation
 d - a scroll of enchant armour
 f - a scroll of silence
 i - 7 scrolls of vulnerability
 n - 5 scrolls of magic mapping
 p - 4 scrolls of fear
 s - 3 scrolls of fog
 y - a scroll of blinking
 G - 2 scrolls of immolation
 T - 4 scrolls of identify
Potions
 e - 5 potions of lignification
 q - a potion of invisibility
 u - a potion of attraction
 z - 3 potions of resistance
 B - 2 potions of cancellation
 E - 7 potions of curing
 I - a potion of flight
 L - 10 potions of mutation
 Q - 2 potions of magic


   Skills:
 * Level 10.9 Fighting
 - Level 16.0 Maces & Flails
 + Level 2.5 Throwing
 + Level 9.7 Armour
 + Level 8.5 Dodging
 + Level 8.9 Shields
 * Level 10.8 Invocations
 + Level 2.4 Evocations


You had 14 spell levels left.
You didn't know any spells.
Your spell library contained the following spells:

 Spells                   Type           Power      Damage    Failure   Level
 Shock                    Conj/Air       0%         1d3       77%         1
 Sublimation of Blood     Necr           0%         N/A       88%         2
 Wereblood                Tmut           0%         N/A       88%         2
 Dazzling Flash           Conj/Hex       0%         N/A       98%         3
 Gell's Gravitas          Tloc           0%         N/A       98%         3
 Swiftness                Air            0%         N/A       98%         3
 Teleport Other           Tloc           0%         N/A       98%         3
 Volatile Blastmotes      Fire/Tloc      0%         2d10      98%         3
 Airstrike                Air            0%         2d(0-16)  100%        4
 Fulminant Prism          Conj/Hex       0%         3d5       100%        4
 Iskenderun's Mystic Bla  Conj/Tloc      0%         2d3       100%        4
 Borgnjor's Vile Clutch   Necr/Erth      0%         N/A       100%        5
 Iskenderun's Battlesphe  Conj           0%         2d6       100%        5
 Lee's Rapid Deconstruct  Erth           0%         3d4*      100%        5
 Conjure Ball Lightning   Conj/Air       0%         3x3d6     100%        6
 Dispersal                Tloc           0%         N/A       100%        6
 Iron Shot                Conj/Erth      0%         9d1       100%        6
 Starburst                Conj/Fire      0%         6d3       100%        6
 Storm Form               Tmut/Air       0%         N/A       100%        7
 Discord                  Hex            0%         N/A       100%        8
 Disjunction              Tloc           0%         N/A       100%        8
 Maxwell's Capacitive Co  Air            0%         ∞         100%        8
 Animate Dead             Necr           Unusable   N/A       N/A         4
 Summon Ice Beast         Ice/Summ       Unusable   N/A       N/A         4
 Summon Lightning Spire   Summ/Air       Unusable   N/A       N/A         4
 Summon Mana Viper        Hex/Summ       Unusable   N/A       N/A         5
 Death Channel            Necr           Unusable   N/A       N/A         6
 Monstrous Menagerie      Summ           Unusable   N/A       N/A         7
 Spellforged Servitor     Conj/Summ      Unusable   N/A       N/A         7
 Summon Hydra             Summ           Unusable   N/A       N/A         7

Dungeon Overview and Level Annotations

Branches:
Dungeon (12/15)            Temple (0/1) D:7            Lair (5/5) D:8
  Swamp (0/4) Lair:2        Snake (0/4) Lair:2        Slime (0/5) Lair:5
    Orc (2/2) D:10         Bailey (visited)
    Elf: Orc:2

Altars:
Ashenzari
Makhleb
Okawaru
Wu Jian
Xom
The Shining One
Jiyva
Lugonu

Shops:
D:12 [   Orc:1 *:(((

Portals:
Abyss: Lair:5

Annotations:
D:10 2 transporters, exclusion: oklob plant, jujuben's ghost, journeyman KoEn
D:11 3 runed translucent doors
Orc:2 Saint Roka


Innate Abilities, Weirdness & Mutations

You have razor-sharp teeth.
Your natural rate of healing is unusually fast.
When hurt, damage is shared between your health and your magic reserves.
Your bite disrupts and absorbs the magic of your enemies.
Potions cannot restore your health.


Message History

An orc warrior comes into view. It is wielding a +0 dire flail.
You closely miss Saint Roka. You bite Saint Roka!! You drain their power.
You feel invigorated.
Saint Roka is severely wounded.
You feel sick.
Saint Roka roars a battlecry!
The orcs go into a battle-frenzy!
The orc warrior hits you from afar with a +0 halberd.
You block the orc's attack.
The orc warrior hits you with a +0 flail!
You block the orc warrior's attack.
The orc warrior hits you with a +0 mace!
You puncture Saint Roka! You bite Saint Roka! You drain their power.
You feel invigorated.
Saint Roka is almost dead.
You feel sick.
Saint Roka invokes the aid of Beogh against you.
Beogh smites you!
* * * LOW HITPOINT WARNING * * *
The orc warrior hits you from afar with a +0 halberd.
* * * LOW HITPOINT WARNING * * *
You block the orc priest's attack. You block the orc's attack.
The orc sorcerer hits you with a +0 dagger of venom!
* * * LOW HITPOINT WARNING * * *
The orc warrior hits you with a +0 flail!
* * * LOW HITPOINT WARNING * * *
The orc hits you but does no damage. The orc warrior misses you. x2
You feel sick.
The orc priest no longer looks unusually strong.
You barely miss the orc. You bite the orc!
You kill the orc!
You feel sick.
The orc warrior no longer looks unusually strong. x2
The orc no longer looks unusually strong.
Saint Roka invokes the aid of Beogh against you.
Beogh smites you!
* * * LOW HITPOINT WARNING * * *
The orc sorcerer points at you and mumbles some strange words.
The bolt of fire hits you!!
You die...

# ############## ### ##
#######..#.........###.#### #.##
.#.##...............#...#.###....
.......................#...#....#
.................^...............
#......#...............#......#
.........<...§oo@............#
#.......[)...o..o............##
........[[...Oooo................
........§...ooooo................
............§§§o....#............
............§§§.....#............
.................................
..........§#..........#..........
............#...................


You could see Saint Roka, an orc sorcerer (strong), 6 orc warriors, an ogre, an
orc priest, 2 orc wizards and 2 orcs.

Vanquished Creatures
  Rupert (Arena)
  Gastronok (D:9)
  Kirke (Arena)
  Azrael (Arena)
  An ettin (Orc:2)
  3 catoblepae (Lair:5)
  2 hydras
  An ogre mage (Orc:1)
  Erica (D:9)
  A boulder beetle (D:12)
  A centaur warrior (D:12)
  A tengu warrior (D:12)
  7 two-headed ogres
  2 thrashing horrors (Lair:5)
  Nergalle (Orc:1)
  2 skysharks
  A deep troll (shapeshifter) (Lair:5)
  The ghost of awdjiw the Basher, a novice DsFi of Trog (D:8)
  Pikel (D:8)
  2 orc knights
  A necromancer (Lair:3)
  An ugly thing (Lair:5)
  2 orc sorcerers
  3 manticores
  6 cyclopes
  3 elephants (Lair:5)
  5 black mambas
  A smoke demon (Lair:5)
  A torpor snail (Lair:1)
  11 cane toads
  2 gargoyles
  2 kobold demonologists
  4 rime drakes
  Psyche (D:8)
  Maggie (D:8)
  An unseen horror (D:11)
  7 komodo dragons
  3 ancient zymes (Lair:5)
  A tyrant leech (Lair:2)
  4 polar bears
  5 trolls
  The ghost of feetsoup the Slasher, an amateur HuWr of Okawaru (D:4)
  25 blink frogs
  Prince Ribbit (D:9)
  2 large abominations (Lair:5)
  6 slime creatures (D:12)
  A spriggan (Lair:5)
  7 wraiths
  67 yaks
  3 wyverns
  4 fire elementals
  3 ynoxinuls (Lair:5)
  2 chaos spawn (Lair:5)
  4 humans
  Grum (D:8)
  2 basilisks (Lair:5)
  5 vampire mosquitoes
  Menkaure (D:4)
  14 two-headed ogre zombies (Orc:1)
  Edmund (D:4)
  2 acid dragons (D:12)
  2 wargs
  3 nagas (Lair:2)
  2 swamp worms (Lair:2)
  7 water moccasins
  4 hell hounds (D:12)
  18 orc warriors
  A sky beast (D:7)
  6 ogres
  2 black bears
  6 ice beasts
  8 small abominations (Lair:5)
  10 wolves
  8 centaurs
  A phantom (D:5)
  10 kobold brigands
  3 bullfrogs
  2 scorpions
  8 killer bees
  8 howler monkeys
  5 electric eels
  2 jellies (D:4)
  A gnoll bouda (D:4)
  5 orc priests
  3 hounds
  Ijyb (D:4)
  A sleepcap (D:7)
  11 orc wizards
  2 iguanas
  6 hell rats (Lair:5)
  4 polar bear simulacra (Lair:3)
  4 yak simulacra (Lair:3)
  2 wolf simulacra (Lair:3)
  8 gnolls
  6 adders
  2 shadow imps
  2 ufetubi
  3 worms
  A dart slug (D:1)
  53 orcs
  8 endoplasms
  4 giant cockroaches
  18 goblins
  10 hobgoblins
  A jackal (D:4)
  3 quokkas
  8 ball pythons
  4 bats
  A frilled lizard (D:2)
  35 kobolds
  3 rats
  A river rat simulacrum (Lair:3)
  A butterfly (D:5)
577 creatures vanquished.

Vanquished Creatures (others)
  3 kobolds
  21 fungi
  30 plants
54 creatures vanquished.

Grand Total: 631 creatures vanquished

Notes
Turn   | Place    | Note
-------+----------+-------------------------------------------
     0 | D:1      | croobank the Vine Stalker Fighter began the quest for the
                  | Orb.
     0 | D:1      | Reached XP level 1. HP: 11/11 MP: 2/2
    26 | D:1      | You fall into a shaft and drop 1 floor!
   143 | D:1      | Reached skill level 2 in Maces & Flails
   246 | D:1      | Reached XP level 2. HP: 16/16 MP: 3/3
   631 | D:1      | Found a faded altar of an unknown god.
   638 | D:1      | Prayed at the altar of an unknown god.
   638 | D:1      | Became a worshipper of Warmaster Okawaru
   638 | D:1      | Reached * piety under Okawaru
   840 | D:2      | Reached XP level 3. HP: 10/19 MP: 4/4
  1585 | D:3      | Gained mutation: Your natural rate of healing is unusually
                  | fast. [Vine Stalker growth]
  1585 | D:3      | Reached XP level 4. HP: 24/24 MP: 5/5
  1605 | D:3      | Reached skill level 3 in Maces & Flails
  1809 | D:3      | Found an ornate altar of the Wu Jian Council.
  2252 | D:4      | Noticed Menkaure
  2261 | D:4      | Killed Menkaure
  2262 | D:4      | Reached XP level 5. HP: 24/28 MP: 6/6
  2263 | D:4      | Reached skill level 4 in Maces & Flails
  2271 | D:4      | Noticed Edmund
  2280 | D:4      | Killed Edmund
  2281 | D:4      | Reached XP level 6. HP: 31/33 MP: 7/7
  2357 | D:4      | Reached ** piety under Okawaru
  2408 | D:4      | Noticed Ijyb
  2420 | D:4      | Killed Ijyb
  2570 | D:4      | Reached XP level 7. HP: 37/37 MP: 8/8
  2807 | D:4      | Found a runed translucent door.
  2807 | D:4      | Noticed feetsoup's ghost (amateur HuWr)
  3214 | D:5      | Entered Level 5 of the Dungeon
  3230 | D:5      | Reached skill level 5 in Maces & Flails
  3335 | D:5      | Found a shimmering altar of Xom.
  3617 | D:5      | Reached skill level 1 in Invocations
  3912 | D:6      | Reached *** piety under Okawaru
  3913 | D:6      | Gained mutation: You have razor-sharp teeth. [Vine Stalker
                  | growth]
  3913 | D:6      | Reached XP level 8. HP: 42/42 MP: 10/10
  4113 | D:6      | Reached skill level 6 in Maces & Flails
  4264 | D:6      | Reached skill level 5 in Fighting
  4704 | D:7      | Reached **** piety under Okawaru
  4705 | D:7      | Found a staircase to the Ecumenical Temple.
  4854 | D:7      | Found a glowing golden altar of the Shining One.
  4866 | D:7      | Found a broken altar of Ashenzari.
  4960 | D:7      | Reached skill level 7 in Maces & Flails
  4960 | D:7      | Reached XP level 9. HP: 47/47 MP: 10/12
  5105 | D:7      | Reached skill level 5 in Armour
  5355 | D:7      | Found a burning altar of Makhleb.
  5592 | D:4      | Killed feetsoup's ghost
  5592 | D:4      | Reached ***** piety under Okawaru
  5691 | D:8      | Reached skill level 8 in Maces & Flails
  5708 | D:8      | Noticed Grum
  5740 | D:8      | Killed Grum
  5780 | D:8      | Found a runed translucent gate.
  5780 | D:8      | Noticed awdjiw's ghost (novice DsFi)
  5780 | D:8      | Noticed a ten-headed hydra
  5781 | D:8      | Found a runed translucent gate.
  5781 | D:8      | Found a runed translucent gate.
  5783 | D:8      | Noticed Maggie
  5812 | D:8      | Killed Maggie
  5812 | D:8      | Identified the +1 lajatang of Dust {elec, rElec rC+}
                  | (Okawaru gifted it to you on level 8 of the Dungeon)
  5812 | D:8      | Received a gift from Okawaru
  5824 | D:8      | Noticed Pikel
  5832 | D:7      | Reached skill level 5 in Invocations
  5881 | D:8      | Noticed a two-headed ogre
  5890 | D:8      | Killed a two-headed ogre
  5891 | D:8      | Reached XP level 10. HP: 53/53 MP: 13/15
  5907 | D:8      | Killed Pikel
  5908 | D:8      | Reached skill level 9 in Maces & Flails
  5961 | D:8      | Noticed Psyche
  5998 | D:8      | Killed Psyche
  5998 | D:8      | Identified the +3 battleaxe of Verdant Exoneration {freeze,
                  | Will+ SInv} (Okawaru gifted it to you on level 8 of the
                  | Dungeon)
  5998 | D:8      | Received a gift from Okawaru
  6217 | D:8      | Found a staircase to the Lair.
  6442 | D:9      | Found a flagged portal.
  6447 | Bailey   | Entered a bailey
  6449 | Bailey   | Identified a scroll of acquirement
  6449 | Bailey   | Acquired a manual of Maces & Flails
  6540 | Bailey   | Reached skill level 10 in Maces & Flails
  6642 | Bailey   | Reached XP level 11. HP: 44/58 MP: 4/16
  6752 | Bailey   | Found an iron altar of Okawaru.
  6754 | Bailey   | Noticed an orc sorcerer
  6791 | Bailey   | Killed an orc sorcerer
  6941 | Bailey   | Acquired the +3 warlock's mirror {omnireflect}
  6941 | Bailey   | Found the +3 warlock's mirror {omnireflect}
  7083 | Bailey   | Noticed an orc knight
  7087 | Bailey   | Killed an orc knight
  7368 | D:9      | Reached skill level 11 in Maces & Flails
  7659 | D:9      | Noticed Gastronok
  7807 | D:9      | Noticed Prince Ribbit
  7851 | D:9      | Killed Prince Ribbit
  7949 | D:9      | Noticed Erica
  7958 | D:9      | Killed Erica
  7958 | D:9      | Received a gift from Okawaru
  8014 | D:9      | Killed Gastronok
  8015 | D:9      | Reached skill level 12 in Maces & Flails
  8368 | D:10     | Entered Level 10 of the Dungeon
  8378 | D:10     | Found a staircase to the Orcish Mines.
  8381 | D:10     | Found an iron altar of Okawaru.
  8493 | D:9      | Reached XP level 12. HP: 12/64 MP: 11/18
  8609 | D:10     | Found a transporter.
  8866 | D:10     | Reached skill level 5 in Shields
  8891 | D:10     | Received a gift from Okawaru
  8893 | D:10     | Reached ****** piety under Okawaru
  8895 | D:10     | Noticed a tengu warrior
  8896 | D:10     | Found a transporter.
  8925 | D:10     | Identified the +12 sling "Weptiaps" {heavy, Int+5 Stlth+}
  8932 | D:10     | Reached XP level 13. HP: 68/68 MP: 19/19
  9012 | D:10     | Noticed jujuben's ghost (journeyman KoEn)
  9238 | D:10     | Acquired a manual of Maces & Flails
  9511 | D:11     | Found a runed translucent gate.
  9512 | D:11     | Found a runed translucent gate.
  9512 | D:11     | Found a runed translucent gate.
  9549 | D:11     | Reached skill level 13 in Maces & Flails
  9637 | D:11     | Identified the +0 cloak of the Ecumenical Temple {Dex+3
                  | Stlth+}
 10234 | D:11     | Upgraded the game from 0.30-b1-5-g8e6c1be481 to 0.30.0
 10353 | D:12     | Reached skill level 14 in Maces & Flails
 10444 | D:12     | Noticed Azrael
 10838 | Lair:1   | Entered Level 1 of the Lair of Beasts
 10913 | Lair:1   | Identified the +2 robe of the Chewing Gods {Regen+}
                  | (Okawaru gifted it to you on level 1 of the Lair of Beasts)
 10913 | Lair:1   | Received a gift from Okawaru
 11746 | Lair:2   | Found a glowing golden altar of the Shining One.
 11902 | Lair:2   | Reached XP level 14. HP: 75/75 MP: 21/21
 12118 | Lair:2   | Found a staircase to the Snake Pit.
 12366 | Lair:2   | Reached skill level 15 in Maces & Flails
 12417 | Lair:2   | Identified the +7 dagger "Wiqeottidgh" {spect, Will+ Dex+5}
 12512 | Lair:2   | Found a staircase to the Swamp.
 12904 | Lair:3   | You fall into a shaft and drop 2 floors!
 12904 | Lair:5   | Entered Level 5 of the Lair of Beasts
 13700 | Lair:3   | Identified the +1 pair of boots of Disaster {rPois rN+++
                  | Dex-2 SInv} (Okawaru gifted it to you on level 3 of the
                  | Lair of Beasts)
 13700 | Lair:3   | Received a gift from Okawaru
 14967 | Lair:4   | Reached skill level 16 in Maces & Flails
 15229 | Lair:5   | Noticed Kirke
 15230 | Arena    | Entered the Arena
 15235 | Arena    | Killed Kirke
 15250 | Lair:5   | Noticed Rupert
 15259 | Lair:5   | Paralysed by Rupert for 2 turns
 15262 | Arena    | Entered the Arena
 15268 | Arena    | Killed Rupert
 15269 | Arena    | Reached skill level 10 in Fighting
 15454 | Lair:5   | Received a gift from Okawaru
 15521 | Lair:5   | Found a viscous altar of Jiyva.
 15522 | Lair:5   | Found a staircase to the Slime Pits.
 15622 | Lair:5   | Reached XP level 15. HP: 80/80 MP: 23/23
 15722 | Lair:5   | Reached skill level 10 in Invocations
 15861 | Lair:5   | Received a gift from Okawaru
 15915 | Lair:5   | Reached skill level 1 in Throwing
 15915 | Lair:5   | Reached skill level 1 in Evocations
 16029 | Lair:5   | Found a corrupted altar of Lugonu.
 16029 | Lair:5   | Found a one-way gate to the infinite horrors of the Abyss.
 16255 | Lair:5   | Identified the +1 ring mail of Boredom {Dex+4} (Okawaru
                  | gifted it to you on level 5 of the Lair of Beasts)
 16255 | Lair:5   | Received a gift from Okawaru
 16658 | D:8      | Killed awdjiw's ghost
 16666 | D:8      | Identified the +2 war axe of Shame {heavy, Will+}
 16933 | Arena    | Entered the Arena
 16940 | Arena    | Killed Azrael
 17188 | D:12     | Found Xut Kuep's Antique Armour Shoppe.
 17604 | Orc:1    | Entered Level 1 of the Orcish Mines
 17604 | Orc:1    | Found Piegh's Antique Weapon Shop.
 17666 | Orc:1    | Found Ysef's Book Shoppe.
 17741 | Orc:2    | Entered Level 2 of the Orcish Mines
 17866 | Orc:1    | Noticed Nergalle
 17869 | Orc:1    | Found Kiwkah's Antique Weapon Boutique.
 17873 | Orc:1    | Killed Nergalle
 18005 | Orc:1    | Found Kiadwotoi's General Store.
 18121 | Orc:1    | Found Gushruank's Weapon Shoppe.
 18126 | Orc:1    | Bought 3 curare-tipped darts for 46 gold pieces
 18452 | Orc:2    | Noticed Saint Roka
 18616 | Orc:2    | HP: 1/121 [Saint Roka/divine providence (9)]
 18616 | Orc:2    | Killed from afar by an orc sorcerer

Illustrated notes

Levels and vault maps discovered:
D:1:      scummos_arrival_hexagon, layout_loops_ring, basic_ecumenical_altar,
          minmay_misc_feat_hallway, st_stairs_13
D:2:      layout_rooms, minmay_misc_feat_room
D:3:      layout_loops_ring, pdpol_wu_jian_five_deadly_venoms,
          nrook_mini_backslash
D:4:      minmay_razor_zed, layout_loops_ring, ebering_ghost_inner_flame,
          kennysheep_generic_room_13, uniq_ijyb, uniq_menkaure, uniq_edmund
D:5:      layout_rooms, xom_butterflies
D:6:      layout_cave_pods
D:7:      layout_loops_ring, evilmike_ruin_ashenzari, tso_metal_star,
          kennysheep_mini, minmay_temple_entry_antechambers
D:8:      layout_rooms, hellmonk_lair_entry_icy, gammafunk_ghost_hydra_chop,
          uniq_pikel, uniq_psyche, uniq_maggie, uniq_grum
D:9:      layout_basic, enter_bailey_3, kennysheep_generic_room_12,
          uniq_gastronok, uniq_prince_ribbit1, uniq_erica
D:10:     layout_irregular_city, okawaru_gym_becter, orc_0_dummy,
          nzn_ghost_randoct
D:11:     layout_loops_ring, ploomutoo_gammafunk_ghost_potion_laboratory
D:12:     minmay_s_stair_smasher, layout_irregular_city, serial_shops,
          nicolae_shop_waterfront, centaur_isle, uniq_azrael
Lair:1:   layout_regular_city
Lair:2:   layout_cave_pods, minmay_swamp_entry_worms,
          nicolae_snake_entry_squirm, basic_altar
Lair:3:   layout_gridlike, eino_house_with_fridge, serial_bayou_shore_b,
          infiniplex_staircase_pool
Lair:4:   layout_cave_pods, grunt_megastairs_2
Lair:5:   hellmonk_lair_end_abyssal_woods, layout_regular_city, slime_entry_1,
          lemuel_fruit_fields, lemuel_fruit_fields, uniq_kirke, uniq_rupert
Orc:1:    lemuel_ogre_cave, layout_caves, serial_shops, shop, shop_coins,
          nicolae_shop_stone, nicolae_shop_overgrown_old_shop,
          nicolae_shop_bloodbath_and_beyond, uniq_nergalle
Orc:2:    grunt_orc_tribal_feast, layout_caves, uniq_saint_roka

Skill      XL: |  1  2  3  4  5  6  7  8  9 10 11 12 13 14 15 |
---------------+----------------------------------------------+-----
Maces & Flails | 2 3 4 5 7 8 10 12 14 16 | 16.0
Fighting       | 3 4 5 6 7 8 9 10 | 10.9
Armour         | 3 4 6 7 8 9 |  9.7
Invocations    | 1 3 5 6 7 8 9 10 | 10.8
Shields        | 3 4 5 6 7 8 |  8.9
Dodging        | 6 7 8 |  8.5
Throwing       | 2 |  2.5
Evocations     | 2 |  2.4

Action                     |  1- 3 |  4- 6 |  7- 9 | 10-12 | 13-15 || total
---------------------------+-------+-------+-------+-------+-------++-------
  Melee: Mace              |   100 |    12 |       |       |       ||   112
         Flail             |     6 |    51 |   298 |       |       ||   355
         Bite              |    18 |    22 |    62 |    77 |   276 ||   455
         Whip              |       |    11 |       |       |       ||    11
         Punch             |       |       |     5 |       |       ||     5
         Lajatang          |       |       |       |   194 |       ||   194
         Morningstar       |       |       |       |   167 |   813 ||   980
         Scimitar          |       |       |       |       |     5 ||     5
   Fire: Sling             |       |       |       |       |    13 ||    13
  Throw: Throwing net      |       |       |       |     2 |       ||     2
         Dart              |       |       |       |     1 |     7 ||     8
         Javelin           |       |       |       |       |     3 ||     3
 Invoke: Heroism           |       |     2 |       |     5 |     2 ||     9
         Finesse           |       |       |       |     3 |     2 ||     5
         Duel              |       |       |       |       |     3 ||     3
  Evoke: Wand              |       |       |     9 |     5 |     3 ||    17
         Piece from Xom's  |       |       |       |       |     1 ||     1
    Use: Scroll            |     6 |       |     7 |    12 |    16 ||    41
         Potion            |       |     1 |       |     3 |     4 ||     8
 Armour: Scale mail        |    54 |    11 |    46 |       |       ||   111
         Chain mail        |       |       |    78 |   135 |   216 ||   429
         Skin              |       |       |       |     1 |       ||     1
  Dodge: Dodged            |    50 |    52 |   213 |   217 |   400 ||   932
  Block: Buckler           |       |       |       |    50 |   414 ||   464
         Kite shield       |       |       |       |    23 |   217 ||   240
         Reflection        |       |       |       |       |    26 ||    26
